AoeStats
← BananaBirb

Arabia

505513405Analyzed
2v2 RM · 21d ago on Sep 9, 2026· 40m 47s· 4 players
Game mode
Random Map
Map size
Medium (4 player)
Population
200
Speed
Normal
Resources
Standard
Victory
Conquest
Starting age
Dark Age
Ending age
Imperial Age
RankedLock teamsTeams togetherTeam positionsShared explorationLock speedFull tech treeHidden civsTurbo modeCheats
Victory
Defeat
🇩🇪 Mongols · Germany
766
+13
🇩🇪 Bohemians · Germany
747
+15
🇹🇷 Persians · Türkiye
713
-14
🇷🇴 Lithuanians · Romania
706
-14
pinky
6:13 Loom
13:50 Feudal Age
14:47 Double-Bit Axe
15:00 Gold Mining
21:13 Castle Age
22:54 Husbandry
23:21 Horse Collar
24:31 Bloodlines
27:33 Stone Mining
29:24 Bow Saw
32:00 Wheelbarrow
33:34 Pikeman
34:23 Scale Barding Armor
34:32 Forging
castle_master
9:40 Loom
12:21 Feudal Age
13:54 Wheelbarrow
13:40 Double-Bit Axe
14:40 Horse Collar
20:33 Gold Mining
26:01 Castle Age
24:19 Arson
23:55 Man-at-Arms
27:57 Gold Shaft Mining
27:12 Stone Mining
27:28 Squires
27:13 Gambesons
26:49 Pikeman
26:50 Long Swordsman
27:58 Hand Cart
28:28 Husbandry
BananaBirb
3:58 Loom
10:09 Feudal Age
10:51 Double-Bit Axe
11:53 Wheelbarrow
11:39 Horse Collar
19:50 Castle Age
19:07 Gold Mining
19:10 Stone Mining
20:00 Scale Barding Armor
22:28 Bloodlines
22:22 Husbandry
22:27 Padded Archer Armor
26:40 Stone Shaft Mining
26:23 Bow Saw
33:32 Imperial Age
30:56 Pikeman
31:36 Squires
32:54 Stone Shaft Mining
34:14 Leather Archer Armor
33:50 Fletching
36:01 Heavy Plow
38:55 Hand Cart
39:46 Elite Steppe Lancer
41:55 Gold Shaft Mining
KerryGold6761
10:32 Loom
12:20 Feudal Age
10:37 Loom
13:55 Double-Bit Axe
21:13 Castle Age
21:41 Wheelbarrow
25:47 Wheelbarrow
24:41 Crossbowman
25:14 Fletching
29:09 Hand Cart
29:15 Hand Cart
29:24 Pikeman
35:00 Chemistry
Connection lost

Rejoining the realm…

Still unreachable

The connection could not be restored.

Session expired

The server has moved on; the page needs a fresh start.